 Dungeon Crawl Stone Soup version 0.21-a0-201-g8501b10 (webtiles) character file.

1076 Spazmo the Conjurer (level 8, 67/67 HPs)
             Began as a Green Draconian Conjurer on Aug 17, 2017.
             Quit the game on level 5 of the Dungeon.
             The game lasted 00:16:16 (4180 turns).

Spazmo the Conjurer (Green Draconian Conjurer)      Turns: 4180, Time: 00:16:16

Health: 67/67      AC:  7    Str: 10    XL:     8   Next: 8%
Magic:  15/15      EV: 13    Int: 18    God:
Gold:   162        SH:  0    Dex: 12    Spells: 6/17 levels left

rFire    . . .     SeeInvis .   p - +2 short sword (speed)
rCold    + . .     Gourm    .   (no shield)
rNeg     . . .     Faith    .   (armour unavailable)
rPois    +         Spirit   .   (helmet restricted)
rElec    .         Reflect  .   (no cloak)
rCorr    .         Harm     .   l - +0 pair of gloves
MR       .....                  (no boots)
Stlth    ++........             (no amulet)
HPRegen  0.21/turn              i - ring of protection from cold
MPRegen  0.14/turn              (no ring)

@: no status effects
A: breathe noxious fumes, unfitting armour, claws 1, horns 1, stinger 1, poison
resistance, cold-blooded, AC +6
a: Breathe Noxious Fumes


You were on level 5 of the Dungeon.
You were not hungry.

You visited 2 branches of the dungeon, and saw 6 of its levels.

You collected 162 gold pieces.

Inventory:

Hand Weapons
 p - a +2 short sword of speed (weapon)
Missiles
 c - 131 stones (quivered)
Armour
 l - a +0 pair of gloves (worn)
Jewellery
 i - a ring of protection from cold (left hand)
 o - an uncursed amulet of guardian spirit
Scrolls
 e - 2 scrolls of amnesia
 k - a scroll of recharging
 n - 2 scrolls of fear
 q - a scroll of remove curse
Potions
 d - a potion of berserk rage
 g - a potion of brilliance
Books
 a - a book of Conjurations

   Spells                             Type                      Level
   a - Magic Dart                     Conjuration                  1
   b - Searing Ray                    Conjuration                  2
   c - Dazzling Spray                 Conjuration/Hexes            3
   d - Fulminant Prism                Conjuration/Hexes            4
   e - Force Lance                    Conjuration/Translocation    4
   f - Iskenderun's Mystic Blast      Conjuration                  4
 f - a book of Misfortune

   Spells                             Type                      Level
   a - Confusing Touch                Hexes                        1
   b - Confuse                        Hexes                        3
   c - Gell's Gravitas                Translocation                3
   d - Petrify                        Transmutation/Earth          4
   e - Metabolic Englaciation         Hexes/Ice                    5
   f - Yara's Violent Unravelling     Hexes/Transmutation          5
Comestibles
 b - 4 bread rations


   Skills:
 + Level 4.3 Fighting
 + Level 3.5 Dodging
 - Level 1.7 Stealth
 * Level 5.3 Spellcasting
 * Level 6.8 Conjurations


You had 6 spell levels left.
You knew the following spells:

 Your Spells              Type           Power        Failure   Level  Hunger
a - Magic Dart            Conj           ####         1%          1    None
b - Searing Ray           Conj           ####..       1%          2    #......
c - Force Lance           Conj/Tloc      ###.....     30%         4    ####...
d - Iskenderun's Mystic   Conj           ####....     8%          4    ####...


Dungeon Overview and Level Annotations

Branches:
Dungeon (5/15)             Temple (1/1) D:4

Altars:
Dithmenos
Fedhas
Gozag
Hepliaklqana
Kikubaaqudgha
Makhleb
Nemelex Xobeh
Qazlal
Ru
Trog
Uskayaw
Wu Jian
Xom
Yredelemnul
Zin
The Shining One


Innate Abilities, Weirdness & Mutations

You can breathe blasts of noxious fumes.
Your lurid green scales are hard. (AC +6)
You cannot fit into any form of body armour.
Your system is resistant to poisons. (rPois)
You are cold-blooded and may be slowed by cold attacks.
You have sharp fingernails.
You have a pair of small horns on your head.
Your tail ends in a poisonous barb.


Message History

You destroy the centaur zombie!
Put on which piece of jewellery? (? for menu, Esc to quit)
You feel your power drawn to a protective spirit.
o - an amulet of guardian spirit (around neck) Remove which piece of jewellery? (? for menu, Esc to quit)
You remove your amulet of guardian spirit.
You start resting.
HP restored.
You start resting.
Magic restored.
There is a stone staircase leading up here.
There is a stone staircase leading up here.
You see here 6 arrows.
Found a stone staircase leading down.
h - a scroll labeled FOASTA INLA
As you read the scroll labeled FOASTA INLA, it crumbles to dust.
It is a scroll of identify.
You don't have any unidentified items.
A crimson imp comes into view.
Are you sure you want to abandon this character and quit the game? (Confirm with "yes".)

..........(......<
#.#.##..#.########
#.#.##..#># # .
#>......#)#
..#####.#..##.#.#
5.......#..##....
..................
........##..#......
..#####@#...#.#.#...
#.........#....
###.#.##########
##..# ###### #.#
#....#### #.#
#.##.....
#####.####.#######
#....<..##.#
#.###......#


You could see a crimson imp (wandering).

Vanquished Creatures
  Grinder (D:3)
  Menkaure (D:4)
  2 ogres (D:4)
  A centaur (D:5)
  A scorpion (D:5)
  A howler monkey (D:5)
  A centaur zombie (D:5)
  2 crimson imps (D:5)
  An orc priest (D:4)
  An orc wizard (D:4)
  An iguana (D:4)
  2 worker ants (D:4)
  3 hound skeletons (D:4)
  7 adders
  An ooze (D:4)
  3 worms
  3 dart slugs
  2 leopard geckos
  5 orcs
  4 giant cockroaches
  6 goblins
  10 hobgoblins
  4 kobolds
  8 bats
  A frilled lizard (D:5)
  14 rats
86 creatures vanquished.

Notes
Turn   | Place    | Note
-------+----------+-------------------------------------------
     0 | D:1      | Spazmo the Draconian Conjurer began the quest for the Orb.
     0 | D:1      | Reached XP level 1. HP: 14/14 MP: 3/3
   233 | D:1      | Reached XP level 2. HP: 22/22 MP: 0/5
   237 | D:1      | Learned a level 2 spell: Searing Ray
   592 | D:1      | Reached skill level 1 in Fighting
   663 | D:1      | Gained mutation: Your mind is acute. (Int +2) [potion of mutation]
   663 | D:1      | Gained mutation: You are occasionally teleported next to monsters. [potion of mutation]
   663 | D:1      | Gained mutation: Your large and strong wings let you fly indefinitely. [potion of mutation]
   664 | D:1      | Lost mutation: You are occasionally teleported next to monsters. [potion of mutation]
   664 | D:1      | Lost mutation: Your mind is acute. (Int +2) [potion of mutation]
   664 | D:1      | Lost mutation: Your large and strong wings let you fly indefinitely. [potion of mutation]
   664 | D:1      | Gained mutation: Your tail ends in a poisonous barb. [potion of mutation]
   664 | D:1      | Gained mutation: You have a pair of small horns on your head. [potion of mutation]
   664 | D:1      | Gained mutation: You have sharp fingernails. [potion of mutation]
  1052 | D:2      | Reached XP level 3. HP: 28/28 MP: 2/6
  1381 | D:2      | Found a sacrificial altar of Ru.
  1480 | D:2      | Reached XP level 4. HP: 36/36 MP: 3/8
  1495 | D:2      | Learned a level 4 spell: Force Lance
  2026 | D:3      | Noticed Grinder
  2096 | D:3      | Paralysed by Grinder for 3 turns
  2113 | D:3      | Killed Grinder
  2113 | D:3      | Reached skill level 5 in Conjurations
  2113 | D:3      | Reached XP level 5. HP: 5/44 MP: 0/10
  2113 | D:3      | Reached XP level 6. HP: 6/50 MP: 0/11
  2288 | D:3      | Found a burning altar of Makhleb.
  2288 | D:3      | Noticed a cacodemon
  2473 | D:3      | Found a glowing golden altar of the Shining One.
  2486 | D:3      | Found a glowing silver altar of Zin.
  2489 | D:3      | Noticed an angel
  2515 | D:3      | Found a shimmering altar of Xom.
  2530 | D:3      | Found a blossoming altar of Fedhas.
  2725 | D:4      | Noticed Menkaure
  2731 | D:4      | Killed Menkaure
  2789 | D:4      | Found a shadowy altar of Dithmenos.
  2912 | D:4      | Your scales start taking on a lurid green colour.
  2912 | D:4      | Reached XP level 7. HP: 26/57 MP: 5/13
  2912 | D:4      | Gained mutation: Your system is resistant to poisons. (rPois) [Green Draconian growth]
  3075 | D:4      | Reached skill level 6 in Conjurations
  3100 | D:4      | Found a staircase to the Ecumenical Temple.
  3109 | Temple   | Entered the Ecumenical Temple
  3568 | D:4      | Learned a level 4 spell: Iskenderun's Mystic Blast
  3825 | D:5      | Entered Level 5 of the Dungeon
  3963 | D:5      | Reached skill level 5 in Spellcasting
  3981 | D:5      | Reached XP level 8. HP: 56/66 MP: 5/15
  4180 | D:5      | Quit the game

Vault maps used:
D:1:      onia_arrival_larder
D:2:      overflow_temple_1_default, kennysheep_potato
D:3:      grunt_temple_overflow_order_and_chaos_1,
          nicolae_overflow_hidden_temple, makhleb_altar_promises_db,
          lemuel_crystal_altar, first_bread, uniq_grinder
D:4:      temple_green, nicolae_dithmenos_through_a_glass_darkly, uniq_menkaure
D:5:      kennysheep_little_box, minmay_misc_feat_doors
Temple:   compressed_dpeg_triangle_lava_temple

Skill      XL: |  1  2  3  4  5  6  7 |
---------------+----------------------+-----
Dodging        | 2 3 |  3.5
Fighting       | 1 2 3 4 |  4.3
Spellcasting   | 3 4 5 |  5.3
Conjurations   | 5 6 |  6.8
Stealth        | |  1.7

Action                   |  1- 3 |  4- 6 |  7- 9 || total
-------------------------+-------+-------+-------++-------
Melee: Unarmed           |    14 |       |       ||    14
       Tailslap          |     2 |     3 |     6 ||    11
       Short sword       |    13 |    35 |    61 ||   109
       Headbutt          |     1 |    13 |    12 ||    26
       Rapier            |       |    21 |       ||    21
 Cast: Magic Dart        |    71 |    46 |     1 ||   118
       Searing Ray       |       |     5 |    10 ||    15
       Iskenderun's Myst |       |       |     1 ||     1
       Force Lance       |       |       |     1 ||     1
  Use: Potion            |     2 |     5 |       ||     7
       Scroll            |       |     8 |     2 ||    10
 Stab: Sleeping          |       |     1 |     1 ||     2
  Eat: Chunk             |     3 |     4 |     3 ||    10
       Meat ration       |       |       |     1 ||     1
Armor: Skin              |     8 |     8 |    16 ||    32
Dodge: Dodged            |    25 |    26 |    32 ||    83
